 Dungeon Crawl Stone Soup version 0.18.1-6-gd335043 (webtiles) character file.

30 Guinours the Firebug (level 3, -1/19 HPs)
             Began as a Gargoyle Fire Elementalist on May 17, 2016.
             Slain by a hobgoblin
             ... wielding a +0 club
             ... led by Robin
              (2 damage)
             ... on level 2 of the Dungeon.
             The game lasted 00:04:08 (781 turns).

Guinours the Firebug (Gargoyle Fire Elementalist)    Turns: 781, Time: 00:04:10

Health: -1/19      AC:  5    Str: 11    XL:     3   Next: 20%
Magic:  2/6        EV: 12    Int: 16    God:
Gold:   66         SH:  0    Dex: 10    Spells: 1 memorised, 5 levels left

rFire  . . .     SeeInvis .     o - +0 dagger
rCold  . . .     Gourm    .     a - +0 robe
rNeg   + . .     Faith    .     (no shield)
rPois  ∞         Spirit   .     (no helmet)
rElec  +         Dismiss  .     (no cloak)
rCorr  .         Reflect  .     (no gloves)
SustAt .         Harm     .     (no boots)
MR     .....                    h - amulet of regeneration
Stlth  ++........               (no ring)
                                (no ring)

@: not resistant to hostile enchantments, unstealthy
A: negative energy resistance 1, electricity resistance, unbreathing,
petrification resistance, rot immunity, AC +3
a: no special abilities


You were on level 2 of the Dungeon.
You were not hungry.

You visited 1 branch of the dungeon, and saw 2 of its levels.

You collected 66 gold pieces.

Inventory:

Hand Weapons
 o - a +0 dagger (weapon)
Armour
 a - a +0 robe (worn)
 p - a +0 leather armour
Jewellery
 h - an amulet of regeneration (around neck)
 m - an uncursed amulet of dismissal {unknown}
Scrolls
 d - 2 scrolls of random uselessness {unknown}
 e - 2 scrolls of remove curse {unknown}
 f - a scroll of enchant armour {unknown}
 g - 5 scrolls of identify {unknown}
 i - a scroll of immolation {unknown}
Potions
 j - a potion of might {unknown}
 n - a potion of degeneration {unknown}
Books
 b - a book of Flames

   Spells                             Type                      Level
   a - Flame Tongue                   Conjuration/Fire             1
   b - Throw Flame                    Conjuration/Fire             2
   c - Conjure Flame                  Conjuration/Fire             3
   d - Inner Flame                    Hexes/Fire                   3
   e - Sticky Flame                   Conjuration/Fire             4
   f - Fireball                       Conjuration/Fire             5
Comestibles
 c - a bread ration
 k - a chunk of flesh


   Skills:
 + Level 1.6 Dodging
 + Level 2.1 Stealth
 + Level 2.3 Spellcasting
 + Level 1.4 Conjurations
 + Level 3.8 Fire Magic


You had 5 spell levels left.
You knew the following spells:

 Your Spells              Type           Power        Failure   Level  Hunger
a - Flame Tongue          Conj/Fire      ##...        10%         1    #......


Dungeon Overview and Level Annotations

Branches:
Dungeon (2/15)

Altars:

Annotations:
D:2 Robin


Innate Abilities, Weirdness & Mutations

You are resistant to torment.
Your stone body is resilient (AC +3).
You are immune to poison.
You resist negative energy.
You are resistant to electric shocks.
You can survive without breathing.
You are immune to petrification.
You are immune to rotting.


Message History

You closely miss the goblin.
The goblin is heavily wounded.
The goblin no longer looks unusually strong.
The hobgoblin hits you with a club.
* * * LOW HITPOINT WARNING * * *
The goblin barely misses you. The goblin closely misses you.
You barely miss the goblin.
The goblin is heavily wounded.
The hobgoblin no longer looks unusually strong.
The hobgoblin hits you with a club.
* * * LOW HITPOINT WARNING * * *
The goblin closely misses you.
You closely miss the goblin.
The goblin is heavily wounded.
The goblin hits you with a club.
* * * LOW HITPOINT WARNING * * *
Robin roars a battlecry!
The goblins go into a battle-frenzy!
The hobgoblin hits you with a club.
You die...

#. #. #. ##.
.. #.
gg.###.######
.....).ggg@g##
..<..#..###g.#
### ##.# ##.#
..# #.## #
#######..###.#
.............#
########..##.#
##.# #.##.#


You could see Robin, a hobgoblin and 3 goblins.

Vanquished Creatures
  An ooze (D:1)
  A ball python (D:1)
  A bat (D:1)
  8 goblins
  4 hobgoblins
  2 giant newts
  3 kobolds
  3 rats
23 creatures vanquished.

Notes
Turn   | Place    | Note
--------------------------------------------------------------
     0 | D:1      | Guinours the Gargoyle Fire Elementalist began the quest for the Orb.
     0 | D:1      | Reached XP level 1. HP: 10/10 MP: 3/3
    31 | D:1      | Reached XP level 2. HP: 15/15 MP: 0/5
   750 | D:2      | Noticed Robin
   753 | D:2      | Reached XP level 3. HP: 19/19 MP: 3/6
   781 | D:2      | Slain by a hobgoblin

Action                   || total
-------------------------++-------
Melee: Unarmed           ||    15
       Dagger            ||    23
 Cast: Flame Tongue      ||    30
  Use: Potion            ||     1
Armor: Robe              ||    16
Dodge: Dodged            ||    45
